 Dungeon Crawl Stone Soup version 0.24.0-10-g970556be89 (webtiles) character file.

Game seed: 3675403031757885168, levelgen mode: deterministic

2769 Johnny the Ducker (level 9, -13/92 HPs)
             Began as a Troll Berserker on Nov 3, 2019.
             Was an Elder of Trog.
             Mangled by a troll (18 damage)
             ... on level 8 of the Dungeon.
             The game lasted 00:07:24 (6591 turns).

Johnny the Ducker (Troll Berserker)                 Turns: 6591, Time: 00:07:24

Health: -13/92     AC:  8    Str: 30    XL:     9   Next: 42%
Magic:  8/8        EV: 12    Int:  3    God:    Trog [****..]
Gold:   442        SH:  0    Dex:  9    Spells: 8/8 levels left

rFire    . . .     SeeInvis +   w - +1 falchion (drain)
rCold    . . .     Gourm    +   (no shield)
rNeg     . . .     Faith    .   t - +2 robe of Cojem {rPois SInv}
rPois    +         Spirit   .   (helmet restricted)
rElec    .         Reflect  .   G - scarf {cloud immunity}
rCorr    .         Harm     .   (gloves unavailable)
MR       +....                  (boots unavailable)
Stlth    +.........             (no amulet)
HPRegen  0.65/turn              p - ring of protection from magic
MPRegen  0.11/turn              (no ring)

@: berserk cooldown, slowed, very slow
A: large, unfitting armour, claws 3, fast metabolism 3, gourmand, regeneration
1, shaggy fur 1, tough skin 3
a: Berserk, Trog's Hand, Brothers in Arms, Renounce Religion


You were on level 8 of the Dungeon.
You worshipped Trog.
Trog was greatly pleased with you.
You were not hungry.

You visited 2 branches of the dungeon, and saw 9 of its levels.

You collected 442 gold pieces.

Inventory:

Hand Weapons
 a - a +0 falchion
 n - a +1 dagger of venom
 w - a +1 falchion of draining (weapon)
Armour
 b - a +0 animal skin
 q - a +0 shield
 t - the +2 robe of Cojem (worn) {rPois SInv}
   (You found it on level 4 of the Dungeon)

   It protects you from poison.
   It lets you see invisible.
 G - a scarf of cloud immunity (worn)
Jewellery
 p - a ring of protection from magic (left claw)
 u - an uncursed ring of fire
Wands
 g - a wand of disintegration (3)
 v - a wand of digging (3)
 F - a wand of iceblast (9)
Scrolls
 d - 4 scrolls of remove curse
 e - 3 scrolls of blinking
 f - 6 scrolls of teleportation
 j - 2 scrolls of enchant armour
 k - 3 scrolls of amnesia
 s - a scroll of noise
 x - a scroll of fear {unknown}
 y - a scroll of vulnerability {unknown}
 C - 2 scrolls of enchant weapon {unknown}
 D - a scroll of acquirement {unknown}
 E - a scroll of identify
Potions
 h - a potion of brilliance {unknown}
 i - 2 potions of curing
 l - a potion of flight {unknown}
 m - 2 potions of heal wounds {unknown}
 o - 5 potions of degeneration {unknown}
 r - a potion of might {unknown}
 z - 2 potions of ambrosia {unknown}
 A - a potion of resistance {unknown}
 B - 2 potions of lignification {unknown}
Comestibles
 c - 12 rations


   Skills:
 + Level 6.7 Fighting
 + Level 6.7 Long Blades
 + Level 6.8 Dodging


You had 8 spell levels left.
You didn't know any spells.
Your spell library was empty.

Dungeon Overview and Level Annotations

Branches:
Dungeon (8/15)             Temple (1/1) D:4            Lair (0/6) D:8

Altars:
Ashenzari
Cheibriados
Dithmenos
Elyvilon
Fedhas
Gozag
Hepliaklqana
Kikubaaqudgha
Nemelex Xobeh
Okawaru
Qazlal
Ru
Sif Muna
Trog
Uskayaw
Vehumet
Wu Jian
Xom
Yredelemnul
Zin
The Shining One


Innate Abilities, Weirdness & Mutations

You are too large for most types of armour.
You have claws for hands.
Your metabolism is lightning-fast.
You like to eat raw meat.
Your natural rate of healing is unusually fast.
You are covered in fur. (AC +1)
You have extremely tough skin. (AC +3)


Message History

Unknown command.
Unknown command.
Evoke which item? (* to show all) (? for menu, Esc to quit)
Aiming: Disintegrate
Press: ? - help, Shift-Dir - straight line, f - troll
Aim: a troll (severely wounded, chance to defeat MR: 65%)
The troll is blasted!
The troll bites you.
* * * LOW HITPOINT WARNING * * *
The troll barely misses you. The troll closely misses you.
Unknown command.
Unknown command.
Evoke which item? (* to show all) (? for menu, Esc to quit)
Aiming: Disintegrate
Press: ? - help, Shift-Dir - straight line, f/p - troll
Aim: a troll (almost dead, chance to defeat MR: 65%)
The troll struggles to resist.
The troll bites you!
* * * LOW HITPOINT WARNING * * *
The troll claws you but does no damage. The troll barely misses you.
The troll bites you!!
You die...

.#...........###
.#.#.........'.#
.#<#...^.....#.#
.#......:....#.#
.......#####.#.###
##.#...# #.#.#..
#.#...# #.#.#.#
#.#...# #.#.#.#
#.###.#####.#.#@#
##.............#T#
###.###.####.###†#
#.#.# #..# #.###.#
#.'.# ##.###.#...#
#.###
#..##.#...#.≈.≈≈≈≈
#°##
##.##.#...#≈.≈≈≈≈≈≈≈≈
#°##
#..#.#(..#≈≈≈≈≈≈≈≈≈≈
#°##
##.#.'...#≈≈≈≈≈.≈.≈.


You could see a troll.

Vanquished Creatures
  A hungry ghost (D:4)
  2 ice beasts
  An orc warrior (D:7)
  A sky beast (D:8)
  A necrophage (D:7)
  2 phantoms
  An ogre (D:5)
  3 centaurs
  A gnoll sergeant (D:7)
  3 bullfrogs
  A water moccasin skeleton (D:8)
  A scorpion (D:5)
  5 wights (D:7)
  2 centaur zombies
  3 crimson imps
  2 jellies
  2 quasits
  2 orc priests
  4 hounds
  A centaur skeleton (D:4)
  3 orc wizards
  A gnoll shaman (D:6)
  4 worker ants
  Robin (D:2)
  2 howler monkey skeletons (D:6)
  5 adders
  8 gnolls
  An adder skeleton (D:4)
  5 worms
  2 dart slugs (D:1)
  7 leopard geckos
  20 orcs
  4 giant cockroaches
  7 hobgoblins
  11 jackals
  3 quokkas
  2 ball pythons
  7 bats
  8 frilled lizards
  17 goblins
  5 kobolds
  A leopard gecko skeleton (D:2)
  A quokka skeleton (D:4)
  9 rats
173 creatures vanquished.

Vanquished Creatures (collateral kills)
  2 wolves (D:8)
  2 hounds (D:8)
4 creatures vanquished.

Grand Total: 177 creatures vanquished

Notes
Turn   | Place    | Note
-------+----------+-------------------------------------------
     0 | D:1      | Johnny the Troll Berserker began the quest for the Orb.
     0 | D:1      | Reached XP level 1. HP: 22/22 MP: 0/0
   187 | D:1      | Reached XP level 2. HP: 29/29 MP: 1/1
   673 | D:1      | Reached XP level 3. HP: 30/36 MP: 2/2
   903 | D:2      | Reached ** piety under Trog
  1170 | D:2      | Reached XP level 4. HP: 45/45 MP: 3/3
  1558 | D:2      | Noticed Robin
  1578 | D:2      | Killed Robin
  1765 | D:3      | Reached *** piety under Trog
  1880 | D:3      | Reached XP level 5. HP: 29/53 MP: 4/4
  2751 | D:4      | Noticed a phantom
  2780 | D:4      | Killed a phantom
  2780 | D:4      | Reached XP level 6. HP: 62/62 MP: 5/5
  2813 | D:4      | Got a slimy robe
  2824 | D:4      | Identified the +2 robe of Cojem {rPois SInv} (You found it
                  | on level 4 of the Dungeon)
  2918 | D:4      | Found a staircase to the Ecumenical Temple.
  2919 | D:4      | Noticed a hungry ghost
  2948 | D:4      | Killed a hungry ghost
  2977 | Temple   | Entered the Ecumenical Temple
  3266 | D:4      | You fall into a shaft and drop 1 floor!
  3266 | D:5      | Entered Level 5 of the Dungeon
  3266 | D:5      | Found a glowing silver altar of Zin.
  3296 | D:5      | Reached XP level 7. HP: 46/71 MP: 6/6
  4479 | D:6      | Reached skill level 5 in Dodging
  4517 | D:6      | Found a sand-covered staircase.
  4531 | D:6      | Reached skill level 5 in Fighting
  4531 | D:6      | Reached skill level 5 in Long Blades
  4531 | D:6      | Reached XP level 8. HP: 80/80 MP: 7/7
  4588 | D:6      | Found an ancient bone altar of Kikubaaqudgha.
  4740 | D:6      | Found a shimmering altar of Xom.
  4754 | D:6      | Reached **** piety under Trog
  5527 | D:7      | Found a shimmering blue altar of Sif Muna.
  5557 | D:7      | Reached XP level 9. HP: 82/89 MP: 8/8
  5608 | D:7      | Found a shimmering altar of Xom.
  5608 | D:7      | Found a radiant altar of Vehumet.
  6061 | D:8      | Reached ***** piety under Trog
  6481 | D:8      | Found an ornate altar of the Wu Jian Council.
  6488 | D:8      | Found a blossoming altar of Fedhas.
  6557 | D:8      | Found a staircase to the Lair.
  6557 | D:8      | Noticed a troll
  6591 | D:8      | Mangled by a troll

Levels and vault maps discovered:
D:1:      giann_wishing_wells, layout_basic
D:2:      layout_loops_corners, minmay_pentomino_s4, uniq_robin
D:3:      layout_loops_corners, corexii_item_surrounded_by_moat,
          minmay_stone_trees_small
D:4:      layout_basic, minmay_temple_entry_large_hall,
          hangedman_abyss_or_decor_stagger
D:5:      layout_basic, lemuel_round_altar, first_ration,
          kennysheep_generic_room_4
D:6:      layout_loops_ring, kiku_gazebo_pond_becter,
          nicolae_ossuary_entry_ruins, xom_teletrap_fun
D:7:      layout_loops_ring, grunt_temple_overflow_open,
          nicolae_overflow_crystal_walls
D:8:      lemuel_ice_spiral_2, layout_basic, makhleb_blood_cavern_becter,
          minitemple, erik_lair_island
Temple:   jpeg_temple_clearing

Skill      XL: |  1  2  3  4  5  6  7  8 |
---------------+-------------------------+-----
Dodging        | 3 4 5 6 |  6.8
Fighting       | 3 4 5 6 |  6.7
Long Blades    | 3 4 5 6 |  6.7

Action                   |  1- 3 |  4- 6 |  7- 9 || total
-------------------------+-------+-------+-------++-------
Melee: Falchion          |   142 |   201 |   317 ||   660
       Dagger            |       |    36 |    27 ||    63
Invok: Berserk           |     2 |     3 |     7 ||    12
       Brothers in Arms  |       |       |     1 ||     1
Evoke: Wand              |       |       |     2 ||     2
  Use: Scroll            |       |       |     6 ||     6
       Potion            |       |       |     2 ||     2
 Stab: Sleeping          |     1 |     1 |     1 ||     3
  Eat: Chunk             |    18 |    18 |    31 ||    67
       Ration            |       |     3 |     3 ||     6
Armor: Animal skin       |    72 |    67 |       ||   139
       Robe              |       |    18 |   149 ||   167
Dodge: Dodged            |    87 |   161 |   219 ||   467
       Rpst.: Falchion   |    25 |    39 |    66 ||   130
